 Dungeon Crawl Stone Soup version 0.23-a0-370-gf497b7c (webtiles) character file.

52721 Garbasso the Cleaver (level 14, -15/115 HPs)
             Began as a Demonspawn Fighter on Oct 24, 2018.
             Was a High Priest of Okawaru.
             Demolished by an orc knight
             ... wielding a +0 battleaxe
              (30 damage)
             ... on level 2 of the Orcish Mines.
             The game lasted 00:57:43 (23842 turns).

Garbasso the Cleaver (Demonspawn Fighter)          Turns: 23842, Time: 00:57:43

Health: -15/115    AC: 36    Str: 23    XL:     14   Next: 28%
Magic:  18/18      EV: 12    Int: 16    God:    Okawaru [*****.]
Gold:   1648       SH:  0    Dex: 24    Spells: 1/13 levels left

rFire    + . .     SeeInvis .   a - +11 broad axe of Ockuo {pain, rElec}
rCold    x . .     Gourm    .   V - +2 shield {AC+3}
rNeg     . . .     Faith    +   M - +0 crystal plate armour of Takhli {rC- rCorr Str+3 Int+5}
rPois    .         Spirit   .   x - +2 helmet
rElec    +         Reflect  .   y - +0 cloak
rCorr    +         Harm     .   K - +2 pair of gloves {Dex+3}
MR       +....                  (boots unavailable)
Stlth    ..........             N - amulet of faith
HPRegen  0.29/turn              U - ring of protection from fire
MPRegen  0.16/turn              w - +3 ring of dexterity

@: confused, agile, heroism, drained
A: hooves 3, slimy green scales 2, nightstalker 1, powered by pain 2
a: Heroism, Finesse, Renounce Religion


You were on level 2 of the Orcish Mines.
You worshipped Okawaru.
Okawaru was extremely pleased with you.
You were not hungry.

You visited 4 branches of the dungeon, and saw 19 of its levels.
You also visited: Bailey and Ice Cave.

You collected 1855 gold pieces.
You spent 207 gold pieces at shops.

Inventory:

Hand Weapons
 a - the +11 broad axe of Ockuo (weapon) {pain, rElec}
   (Okawaru gifted it to you on level 3 of the Lair of Beasts)

   In the hands of one skilled in necromantic magic, it inflicts extra damage on
   living creatures.
   It insulates you from electricity.
 b - a +1 broad axe of flaming
Missiles
 g - 537 stones (quivered)
Armour
 c - a +3 plate armour of fire resistance
 x - a +2 helmet (worn)
 y - a +0 cloak (worn)
 K - a +2 pair of gloves of dexterity (worn)
 M - the +0 crystal plate armour of Takhli (worn) {rC- rCorr Str+3 Int+5}
   (You found it in a bailey)

   It affects your strength (+3).
   It affects your intelligence (+5).
   It makes you vulnerable to cold.
   It provides partial protection from all sources of acid and corrosion.
 V - a +2 shield of protection (worn)
Jewellery
 h - an uncursed ring of ice
 o - an uncursed ring of positive energy
 w - a +3 ring of dexterity (right hand)
 N - an amulet of faith (around neck)
 U - a ring of protection from fire (left hand)
Wands
 m - a wand of digging (2)
 r - a wand of acid (4)
 E - a wand of clouds (2)
 F - a wand of flame (43)
 I - a wand of iceblast (39)
Scrolls
 j - 4 scrolls of amnesia
 l - a scroll of teleportation
 n - 4 scrolls of enchant armour
 p - 9 scrolls of remove curse
 q - 4 scrolls of identify
 s - 3 scrolls of blinking
 u - a scroll of fear
 H - a scroll of silence
 L - a scroll of fog
 Q - 2 scrolls of magic mapping
 R - 2 scrolls of enchant weapon
Potions
 d - 2 potions of magic
 e - a potion of mutation
 i - a potion of haste
 k - 2 potions of invisibility
 t - 7 potions of curing
 v - 3 potions of resistance
 z - a potion of heal wounds
 A - a potion of agility
 C - 4 potions of flight
 D - a potion of might
 G - 2 potions of cancellation
 O - a potion of brilliance
 S - 2 potions of lignification
Miscellaneous
 B - a phial of floods
 P - a lamp of fire
 W - a fan of gales
Comestibles
 f - 30 rations
 J - 9 chunks of flesh


   Skills:
 + Level 12.1(16.0) Fighting
 * Level 14.8(18.6) Axes
 + Level 8.1(12.1) Armour
 + Level 11.1(15.1) Shields
 + Level 6.4(5.6) Invocations


You had one spell level left.
You knew the following spells:

 Your Spells              Type           Power        Failure   Level  Hunger
a - Regeneration          Chrm/Necr      #.........   100%        3    ####...
b - Animate Dead          Necr           N/A          100%        4    #####..
c - Borgnjor's Vile Clut  Necr/Erth      #.........   100%        5    ######.

Your spell library contained the following spells:

 Spells                   Type           Power        Failure   Level  Hunger
 Animate Skeleton         Necr           N/A          100%        1    ##.....
 Corona                   Hex            #......      100%        1    ##.....
 Magic Dart               Conj           #...         100%        1    ##.....
 Pain                     Necr           #...         100%        1    ##.....
 Shock                    Conj/Air       #...         100%        1    ##.....
 Blink                    Tloc           N/A          100%        2    ###....
 Call Imp                 Summ           #.......     100%        2    ###....
 Ensorcelled Hibernation  Hex/Ice        #.....       100%        2    ###....
 Slow                     Hex            #.......     100%        2    ###....
 Swiftness                Chrm/Air       #.......     100%        2    ###....
 Conjure Flame            Conj/Fire      #.......     100%        3    ####...
 Inner Flame              Hex/Fire       #.......     100%        3    ####...
 Mephitic Cloud           Conj/Pois/Air  #.......     100%        3    ####...
 Portal Projectile        Hex/Tloc       #.....       100%        3    ####...
 Static Discharge         Conj/Air       #.......     100%        3    ####...
 Vampiric Draining        Necr           #.........   100%        3    ####...
 Airstrike                Air            #.........   100%        4    #####..
 Cause Fear               Hex            #.........   100%        4    #####..
 Leda's Liquefaction      Hex/Erth       #.........   100%        4    #####..
 Lightning Bolt           Conj/Air       #.........   100%        5    ######.
 Silence                  Hex/Air        #.........   100%        5    ######.
 Darkness                 Hex            #.........   100%        6    #######
 Shadow Creatures         Summ           N/A          100%        6    #######


Dungeon Overview and Level Annotations

Branches:
Dungeon (10/15)            Temple (1/1) D:7            Lair (6/6) D:10
 Shoals (0/4) Lair:2        Snake (0/4) Lair:3        Slime (0/5) Lair:5
    Orc (2/2) D:10
    Elf: Orc:2

Altars:
Ashenzari
Cheibriados
Dithmenos
Elyvilon
Fedhas
Gozag
Hepliaklqana
Kikubaaqudgha
Makhleb
Nemelex Xobeh
Okawaru
Qazlal
Ru
Sif Muna
Trog
Uskayaw
Vehumet
Wu Jian
Xom
Yredelemnul
Zin
The Shining One

Shops:
Orc:1 ![}?

Annotations:
D:2 2 transporters
D:4 3 runed doors, Ratty's ghost, novice DsFi; Tenar's ghost, amateur DEFE; galech's ghost, amateur DsFi
Lair:2 1 runed door, derval's ghost, journeyman DEAE


Innate Abilities, Weirdness & Mutations

You have hooves in place of feet.
You are mostly covered in slimy green scales. (AC +3)
You are slightly more attuned to the shadows.
You sometimes gain power by taking damage.


Message History

* * * LOW HITPOINT WARNING * * *
You hear some strange, mumbled words.
The orc knight hits you with a +1 long sword of freezing.
* * * LOW HITPOINT WARNING * * *
The orc knight freezes you.
* * * LOW HITPOINT WARNING * * *
The orc high priest hits you but does no damage.
Something hits you but does no damage.
You can move again.
You feel much better.
The orc priest no longer looks unusually strong.
You hear some strange, mumbled words.
A magic dart appears from out of thin air!
The magic dart hits you!
The orc high priest mumbles some strange prayers to Beogh against you.
Beogh smites you!
* * * LOW HITPOINT WARNING * * *
The orc sorcerer casts a spell.
The orc knight hits you with a +0 battleaxe!!
You die...

.....## .#.### #### .#
## ##### # ###...## #
##o)(...## ##
###.{÷)))..## .##
#oo@o.##)(..# ... ..##
#.oo.####(..##....
...# #..4o...
#[)..#.... ...###
#÷.÷÷.÷÷÷.##........
.....##
#....4....##........
......#
###....§..÷###.)......
......###.##.....÷..#
#........ ......##...#
###........
..........###
##..........


You could see 3 orc knights, 2 orc high priests, an orange demon, a hellwing, an
orc sorcerer and an orc priest.

Vanquished Creatures
  Nessos (Lair:4)
  4 hydras
  2 catoblepae
  2 two-headed ogres
  A deep troll shaman (Lair:6)
  5 death yaks (Lair:6)
  A lindwurm (Lair:6)
  Pikel (D:4)
  5 orc knights
  A manticore (shapeshifter) (D:9)
  An ugly thing (D:9)
  2 orc sorcerers (Orc:2)
  A cyclops (Orc:2)
  A manticore (D:8)
  3 black mambas
  12 elephants
  Joseph (D:10)
  11 spiny frogs
  4 rime drakes
  9 komodo dragons
  10 freezing wraiths (IceCv)
  2 polar bears
  2 trolls
  A wolf spider simulacrum (IceCv)
  4 blink frogs (Lair:6)
  3 hippogriffs
  A slime creature (D:9)
  A spriggan (D:7)
  A wyvern (Lair:5)
  A hungry ghost (D:9)
  2 basilisks
  41 yaks
  A death yak simulacrum (IceCv)
  Menkaure (D:5)
  Edmund (D:4)
  12 water moccasins
  5 porcupines
  16 orc warriors
  8 ice beasts
  6 sky beasts
  A slave (D:4)
  5 black bears
  An eye of draining (D:9)
  A necrophage (D:8)
  25 wolves
  6 centaurs
  7 ogres
  3 phantoms
  9 crocodiles
  A big kobold (D:10)
  A gnoll sergeant (D:8)
  10 bullfrogs
  A wyvern zombie (D:10)
  4 scorpions
  An elephant simulacrum (IceCv)
  6 killer bees (D:10)
  3 electric eels (Lair:3)
  3 howler monkeys (D:9)
  4 crimson imps
  5 draconian simulacra (IceCv)
  11 orc priests
  11 orc wizards
  11 hounds
  2 bullfrog skeletons
  A centaur skeleton (D:7)
  18 jellies
  7 hell rats (Lair:3)
  5 iguanas
  Natasha (twice) (D:3)
  2 troll simulacra (IceCv)
  9 worker ants
  A polar bear simulacrum (IceCv)
  A spriggan simulacrum (IceCv)
  2 killer bee zombies
  4 centaur simulacra (IceCv)
  A hound skeleton (D:10)
  Robin (D:3)
  12 gnolls
  An ogre simulacrum (IceCv)
  9 adders
  3 naga simulacra (IceCv)
  12 white imps (IceCv)
  3 oozes
  An adder skeleton (D:10)
  3 worms
  A dart slug (D:2)
  2 leopard geckos
  44 orcs
  3 ball pythons
  4 giant cockroaches
  8 goblins
  9 hobgoblins
  10 jackals
  8 kobolds
  10 quokkas
  3 bats
  4 frilled lizards
  A leopard gecko skeleton (D:4)
  A quokka skeleton (D:6)
  6 rats
  9 fungi
  2 plants (Lair:4)
542 creatures vanquished.

Vanquished Creatures (others)
  A fungus (Lair:6)
  3 plants
4 creatures vanquished.

Grand Total: 546 creatures vanquished

Notes
Turn   | Place    | Note
-------+----------+-------------------------------------------
     0 | D:1      | Garbasso the Demonspawn Fighter began the quest for the
                  | Orb.
     0 | D:1      | Reached XP level 1. HP: 18/18 MP: 1/1
   149 | D:1      | Reached skill level 2 in Axes
   156 | D:1      | Gained mutation: You sometimes gain a little power by
                  | taking damage. [demonic ancestry]
   156 | D:1      | Reached XP level 2. HP: 18/24 MP: 2/2
   789 | D:2      | Gained mutation: You have large cloven feet. [demonic
                  | ancestry]
   789 | D:2      | Reached XP level 3. HP: 24/29 MP: 3/3
  1190 | D:2      | Reached skill level 3 in Axes
  1190 | D:2      | Reached XP level 4. HP: 31/35 MP: 4/4
  1226 | D:2      | Found a burning altar of Makhleb.
  1226 | D:2      | Noticed a hungry ghost
  1247 | D:2      | Found a transporter.
  1248 | D:2      | Noticed a hippogriff
  1264 | D:2      | Found a transporter.
  2219 | D:3      | Noticed Natasha
  2231 | D:3      | Killed Natasha
  2231 | D:3      | Gained mutation: You have hoof-like feet. [demonic
                  | ancestry]
  2231 | D:3      | Reached XP level 5. HP: 2/42 MP: 5/5
  2520 | D:3      | Noticed Robin
  2531 | D:3      | Killed Robin
  2714 | D:3      | Found a basalt altar of Yredelemnul.
  2770 | D:3      | Noticed Natasha
  2774 | D:3      | Killed Natasha
  3032 | D:4      | Reached skill level 4 in Axes
  3277 | D:4      | Reached XP level 6. HP: 39/48 MP: 6/6
  3851 | D:4      | Reached skill level 5 in Axes
  4110 | D:4      | Gained mutation: You are partially covered in slimy green
                  | scales. (AC +2) [demonic ancestry]
  4110 | D:4      | Reached XP level 7. HP: 47/55 MP: 7/7
  4170 | D:4      | Noticed Pikel
  4199 | D:4      | Killed Pikel
  4199 | D:4      | Reached skill level 5 in Fighting
  4199 | D:4      | Reached skill level 6 in Axes
  4199 | D:4      | Reached skill level 5 in Shields
  4199 | D:4      | Reached XP level 8. HP: 20/63 MP: 8/8
  4445 | D:4      | Noticed Edmund
  4453 | D:4      | Killed Edmund
  4556 | D:4      | Found a runed gate.
  4556 | D:4      | Found a runed gate.
  4558 | D:4      | Found a runed gate.
  4560 | D:4      | Noticed Tenar's ghost (amateur DEFE)
  4561 | D:4      | Noticed galech's ghost (amateur DsFi)
  4564 | D:4      | Noticed Ratty's ghost (novice DsFi)
  4576 | D:4      | Found a sparkling altar of Nemelex Xobeh.
  4578 | D:4      | Found a white marble altar of Elyvilon.
  4578 | D:4      | Found a shadowy altar of Dithmenos.
  4579 | D:4      | Found a shimmering altar of Xom.
  4579 | D:4      | Found an ancient bone altar of Kikubaaqudgha.
  5016 | D:5      | Entered Level 5 of the Dungeon
  5016 | D:5      | Noticed Menkaure
  5020 | D:5      | Killed Menkaure
  5384 | D:5      | Got a fine long sword
  5385 | D:5      | Identified the +5 long sword "Witeicai" {freeze, rElec rN+
                  | MR+ Dex+3} (You found it on level 5 of the Dungeon)
  5517 | D:5      | Reached skill level 7 in Axes
  5826 | D:5      | Found a sacrificial altar of Ru.
  6143 | D:6      | Found a white marble altar of Elyvilon.
  6482 | D:6      | Gained mutation: You have hooves in place of feet. [demonic
                  | ancestry]
  6482 | D:6      | Reached XP level 9. HP: 43/71 MP: 9/9
  6658 | D:6      | Reached skill level 8 in Axes
  6766 | D:6      | Got a bound zirconium amulet
  6881 | D:6      | Identified the amulet of Attitude {RegenMP Int+2} (You
                  | found it on level 6 of the Dungeon)
  7329 | D:7      | Found a staircase to the Ecumenical Temple.
  7338 | Temple   | Entered the Ecumenical Temple
  7679 | Temple   | Became a worshipper of Warmaster Okawaru
  8005 | D:7      | Found a sparkling altar of Nemelex Xobeh.
  8531 | D:8      | Reached skill level 9 in Axes
  8679 | D:8      | Noticed a manticore
  8689 | D:8      | Killed a manticore
  8887 | D:8      | Found an opulent altar of Gozag.
  8899 | D:8      | Reached * piety under Okawaru
  8955 | D:8      | Gained mutation: You are mostly covered in slimy green
                  | scales. (AC +3) [demonic ancestry]
  8955 | D:8      | Reached XP level 10. HP: 61/80 MP: 10/10
  9201 | D:8      | Found a hazy altar of Hepliaklqana.
  9470 | D:9      | Found a glowing silver altar of Zin.
  9523 | D:9      | Noticed a two-headed ogre
  9531 | D:9      | Killed a two-headed ogre
  9531 | D:9      | Reached skill level 10 in Axes
  9541 | D:9      | Reached ** piety under Okawaru
  9955 | D:9      | Noticed a purple ugly thing
  9970 | D:9      | Killed a purple ugly thing
  9970 | D:9      | Reached *** piety under Okawaru
 10040 | D:9      | Noticed a glowing orange brain
 10054 | D:9      | Noticed a manticore
 10054 | D:9      | Identified the cursed +3 spear "Fizewaic" {flame, Int+3}
 10054 | D:9      | Identified the amulet of False Pretenses {Reflect rF++
                  | Int+3 Slay-5 SH+2}
 10063 | D:9      | Killed a manticore
 10063 | D:9      | Reached skill level 11 in Axes
 10352 | D:9      | Reached XP level 11. HP: 71/89 MP: 11/11
 10632 | D:9      | Found a glowing silver altar of Zin.
 10848 | D:9      | Found a glowing silver altar of Zin.
 11110 | D:10     | Entered Level 10 of the Dungeon
 11132 | D:10     | Found a staircase to the Lair.
 11153 | D:10     | Found a staircase to the Orcish Mines.
 11522 | D:10     | Noticed a two-headed ogre
 11523 | D:10     | Noticed Joseph
 11529 | D:10     | Killed a two-headed ogre
 11535 | D:10     | Killed Joseph
 11560 | D:10     | Found a flagged portal.
 11567 | D:10     | Reached **** piety under Okawaru
 11645 | Bailey   | Entered a bailey
 11967 | Bailey   | Noticed an orc knight
 12167 | Bailey   | Noticed an orc knight
 12167 | Bailey   | Noticed an orc knight
 12167 | Bailey   | Noticed an orc knight
 12263 | Bailey   | Killed an orc knight
 12267 | Bailey   | Killed an orc knight
 12267 | Bailey   | Killed an orc knight
 12297 | Bailey   | Reached ***** piety under Okawaru
 12374 | Bailey   | Got a slimy crystal plate armour
 12385 | Bailey   | Identified the cursed +0 crystal plate armour of Takhli
                  | {rC- rCorr Str+3 Int+5} (You found it in a bailey)
 12389 | Bailey   | Killed an orc knight
 12499 | D:10     | Found a hide-covered altar of Uskayaw.
 12535 | D:10     | Reached skill level 12 in Axes
 12858 | Lair:1   | Entered Level 1 of the Lair of Beasts
 12880 | Lair:1   | Reached skill level 10 in Fighting
 12959 | Lair:1   | Received a gift from Okawaru
 13287 | Lair:1   | Reached XP level 12. HP: 97/97 MP: 12/12
 13474 | Lair:1   | Reached skill level 5 in Armour
 13488 | Lair:1   | Found a frozen archway.
 13495 | IceCv    | Entered an ice cave
 14466 | IceCv    | Found an ancient bone altar of Kikubaaqudgha.
 15150 | IceCv    | Reached skill level 13 in Axes
 16540 | Lair:2   | Found a staircase to the Shoals.
 16571 | Lair:2   | Reached skill level 10 in Shields
 16770 | Lair:2   | Reached ****** piety under Okawaru
 16800 | Lair:2   | Received a gift from Okawaru
 17088 | Lair:2   | Found a runed door.
 17092 | Lair:2   | Noticed a death yak
 17092 | Lair:2   | Noticed derval's ghost (journeyman DEAE)
 17296 | Lair:3   | Found a blossoming altar of Fedhas.
 17296 | Lair:3   | Noticed an eight-headed hydra
 17674 | Lair:3   | Killed a six-headed hydra
 17880 | Lair:3   | Gained mutation: You sometimes gain power by taking damage.
                  | [demonic ancestry]
 17880 | Lair:3   | Reached XP level 13. HP: 98/106 MP: 13/13
 18454 | Lair:3   | Reached skill level 1 in Invocations
 18478 | Lair:3   | Found a staircase to the Snake Pit.
 18486 | Lair:3   | Received a gift from Okawaru
 18493 | Lair:3   | Got an ebony broad axe {god gift}
 18494 | Lair:3   | Identified the +11 broad axe of Ockuo {pain, rElec}
                  | (Okawaru gifted it to you on level 3 of the Lair of Beasts)
 18544 | Lair:3   | Learned a level 3 spell: Regeneration
 18549 | Lair:3   | Learned a level 4 spell: Animate Dead
 18555 | Lair:3   | Learned a level 5 spell: Borgnjor's Vile Clutch
 19154 | Lair:4   | Noticed Nessos
 19550 | Lair:4   | Killed Nessos
 20483 | Lair:5   | Found a staircase to the Slime Pits.
 20486 | Lair:5   | Received a gift from Okawaru
 20491 | Lair:5   | Reached skill level 14 in Axes
 21347 | Lair:6   | Entered Level 6 of the Lair of Beasts
 22094 | Lair:6   | Reached skill level 5 in Invocations
 22103 | Lair:6   | Received a gift from Okawaru
 22512 | Lair:6   | Gained mutation: You are slightly more attuned to the
                  | shadows. [demonic ancestry]
 22512 | Lair:6   | Reached XP level 14. HP: 80/114 MP: 10/18
 22525 | Lair:6   | Received a gift from Okawaru
 23230 | Orc:1    | Entered Level 1 of the Orcish Mines
 23232 | Orc:1    | Found Syipeci's General Store.
 23243 | Orc:1    | Found Renaaqut's Magic Scroll Boutique.
 23250 | Orc:1    | Bought a scroll of identify for 26 gold pieces
 23250 | Orc:1    | Bought a scroll of holy word for 97 gold pieces
 23289 | Orc:1    | Found Doiceosk's Gadget Boutique.
 23301 | Orc:1    | Found Soegutab's Antique Armour Shoppe.
 23319 | Orc:1    | Found Igyta's Distillery.
 23330 | Orc:1    | Bought 2 potions of degeneration for 24 gold pieces
 23330 | Orc:1    | Bought a potion of heal wounds for 60 gold pieces
 23489 | Orc:2    | Entered Level 2 of the Orcish Mines
 23834 | Orc:2    | Paralysed by an orc sorcerer for 7 turns
 23841 | Orc:2    | HP: 3/115 [orc knight/+1 long sword of freezing (3)]
 23842 | Orc:2    | Demolished by an orc knight

Vault maps used:
D:1:      minmay_arrival_widening_spiral_wide
D:2:      gammafunk_temple_overflow_arena, first_ration
D:3:      marbit_many_paths, uniq_robin, uniq_natasha
D:4:      grunt_temple_overflow_open, gammafunk_ghost_cemetery, uniq_edmund,
          uniq_pikel
D:5:      kennysheep_crisscross, nicolae_ru_path_of_blood, uniq_menkaure
D:6:      st_stairs_10, elyvilon_altar_5
D:7:      minmay_temple_entry_fiery, the_bakery, nemelex_lonely_heart_becter
D:8:      nicolae_overflow_hidden_temple, lemuel_crystal_altar
D:9:      minmay_the_grid_octo_2x2, lemuel_round_altar
D:10:     david_lair_generic, orc_david_3, basic_altar, enter_bailey_1,
          uniq_joseph
Temple:   minmay_temple_forest_path
Lair:1:   portal_ice_cave_rime, infiniplex_staircase_pool_2
Lair:2:   beast_lair_carwin_large_4, elwin_shoals_entry_rocks,
          ebering_ghost_inner_flame
Lair:3:   dummy_snake_entry, basic_altar, serial_bayou, serial_bayou_pond_c,
          serial_bayou_pond_c, serial_bayou_crossing, serial_bayou_lake_a,
          minivault_24, beast_lair_carwin_5
Lair:4:   grunt_megastairs_4, uniq_nessos
Lair:5:   minmay_slime_entry_jelly_boxes
Lair:6:   grunt_lair_end_beastmaster
Orc:1:    serial_shops, nicolae_shop_behind_doors, shop, shop, shop, shop
Orc:2:    grunt_orc_tribal_feast
Bailey:   bailey_polearm_1, bailey
IceCv:    ice_cave_small_necro

Skill      XL: |  1  2  3  4  5  6  7  8  9 10 11 12 13 14 |
---------------+-------------------------------------------+-----
Axes           | 2 3 4 5 6 7 9 11 12 13 14 | 14.8
Shields        | 3 4 5 6 7 8 9 10 11 | 11.1
Fighting       | 4 5 6 7 9 10 11 12 | 12.1
Armour         | 4 6 7 8 |  8.1
Invocations    | 5 6 |  6.4

Action                   |  1- 3 |  4- 6 |  7- 9 | 10-12 | 13-15 || total
-------------------------+-------+-------+-------+-------+-------++-------
Melee: War axe           |   103 |   164 |   282 |   682 |       ||  1231
       Kick              |     5 |    39 |    89 |   302 |   166 ||   601
       Broad axe         |       |       |       |    45 |   371 ||   416
Throw: Stone             |    14 |    11 |     6 |    77 |    11 ||   119
Invok: Heroism           |       |       |       |    11 |     4 ||    15
       Finesse           |       |       |       |       |     1 ||     1
Evoke: Wand              |       |       |       |     5 |    10 ||    15
       Lamp of fire      |       |       |       |     1 |       ||     1
  Use: Scroll            |       |     2 |    16 |     7 |     7 ||    32
       Potion            |       |       |     2 |     2 |     2 ||     6
  Eat: Chunk             |     1 |    11 |    22 |    21 |    13 ||    68
       Ration            |       |       |       |     4 |     1 ||     5
Armor: Scale mail        |    43 |    68 |    53 |       |       ||   164
       Plate armour      |       |       |    76 |   194 |       ||   270
       Crystal plate arm |       |       |       |   355 |   250 ||   605
Dodge: Dodged            |    35 |    37 |    65 |   116 |    49 ||   302
Block: Shield            |    52 |    86 |   166 |   559 |   215 ||  1078

Table legend:
 A = Non-vault XP
 B = Vault XP
 C = Vault XP percentage of total XP
 D = Non-vault monster count
 E = Vault monster count
 F = Vault count percentage of total count
                 A         B        C        D         E       F
            +---------+---------+-------+---------+---------+-------
      Total |   41369 |   33948 |  45.1 |     339 |     191 |  36.0
            +---------+---------+-------+---------+---------+-------
        D:1 |      32 |       0 |   0.0 |      12 |       0 |   0.0
        D:2 |     111 |       0 |   0.0 |      22 |       0 |   0.0
        D:3 |      78 |      77 |  49.7 |      12 |      10 |  45.5
        D:4 |     576 |     791 |  57.9 |      26 |       2 |   7.1
        D:5 |     467 |     169 |  26.6 |      12 |       1 |   7.7
        D:6 |     793 |     133 |  14.4 |      20 |       1 |   4.8
        D:7 |     923 |     224 |  19.5 |      19 |       1 |   5.0
        D:8 |    1555 |       0 |   0.0 |      21 |       0 |   0.0
        D:9 |    2826 |    2463 |  46.6 |      26 |      19 |  42.2
       D:10 |    3282 |    1626 |  33.1 |      34 |       9 |  20.9
     Lair:1 |    5363 |    1018 |  16.0 |      24 |       4 |  14.3
     Lair:2 |    3028 |    1440 |  32.2 |      15 |      11 |  42.3
     Lair:3 |    3642 |    2157 |  37.2 |      20 |       7 |  25.9
     Lair:4 |    1539 |    2720 |  63.9 |       8 |       4 |  33.3
     Lair:5 |    4634 |     638 |  12.1 |      25 |      15 |  37.5
     Lair:6 |   10883 |    9462 |  46.5 |      28 |      18 |  39.1
      Orc:1 |     331 |       0 |   0.0 |       4 |       0 |   0.0
      Orc:2 |    1306 |    2734 |  67.7 |      11 |      20 |  64.5
     Bailey |       0 |    2906 | 100.0 |       0 |      21 | 100.0
      IceCv |       0 |    5390 | 100.0 |       0 |      48 | 100.0
            +---------+---------+-------+---------+---------+-------
